 Dungeon Crawl Stone Soup version 0.30-a0-779-g7971cf19c3 (webtiles) character file.

Game seed: 12810652729722036463

7081 Anon1729 the Cleaver (level 10, -3/91 HPs)
             Began as a Minotaur Monk on Feb 17, 2023.
             Was a Believer of Qazlal.
             Slain by a gnoll sergeant
             ... wielding a +0 glaive
              (6 damage)
             ... in a bailey.
             The game lasted 00:08:23 (9333 turns).

Anon1729 the Cleaver (Minotaur Monk)                Turns: 9333, Time: 00:08:23

Health: -3/91      AC: 20    Str: 20    XL:     10   Next: 84%
Magic:  11/11      EV:  9    Int:  7    God:    Qazlal [**....]
Gold:   481        SH:  2    Dex: 13    Spells: 9/9 levels left

rFire   . . .      SeeInvis .    K - +2 war axe (flame)
rCold   . . .      Faith    .    (no shield)
rNeg    . . .      Spirit   .    f - +0 plate armour
rPois   .          Reflect  .    (helmet restricted)
rElec   .          Harm     .    J - scarf {repulsion}
rCorr   .          Rampage  .    n - +0 pair of gloves
Will    .....                    s - +0 pair of boots Stlth
                                 (no amulet)
HPRegen 0.35/turn                j - +4 ring of protection
MPRegen 0.12/turn                (no ring)

@: weakened, flying, repel missiles
A: horns 2, retaliatory headbutt
a: Renounce Religion, Upheaval


You were in a bailey.
You worshipped Qazlal.
Qazlal was pleased with you.
You visited 2 branches of the dungeon, and saw 10 of its levels.
You also visited: Ossuary and Bailey.

You collected 481 gold pieces.

Inventory:

Hand Weapons
 a - a +0 hand axe
 y - the +5 quarterstaff of Amorality {pain, rPois rC+ Str-4 Int+4}
   (You found it on level 6 of the Dungeon)

   Str:       It affects your strength (-4).
   Int:       It affects your intelligence (+4).
   rC:        It protects you from cold.
   rPois:     It protects you from poison.
 K - a +2 war axe of flaming (weapon)
Missiles
 L - 9 throwing nets (quivered)
Armour
 b - a +0 robe
 d - a +0 scale mail
 f - a +0 plate armour (worn)
 n - a +0 pair of gloves (worn)
 s - a +0 pair of boots (worn)
 J - a scarf of repulsion (worn)
Jewellery
 j - a +4 ring of protection (left hand)
 O - a +5 ring of evasion
Wands
 z - a wand of acid (1)
 M - a wand of charming (7)
 N - a wand of iceblast (6)
Scrolls
 g - 13 scrolls of identify {unknown}
 i - 7 scrolls of enchant armour {unknown}
 k - a scroll of silence {unknown}
 l - 3 scrolls of poison {unknown}
 p - a scroll of acquirement {unknown}
 r - a scroll of fear {unknown}
 u - a scroll of amnesia {unknown}
 v - 4 scrolls of teleportation {unknown}
 x - 2 scrolls of fog {unknown}
 A - a scroll of vulnerability {unknown}
 F - a scroll of summoning {unknown}
 G - a scroll of enchant weapon {unknown}
 H - a scroll of blinking {unknown}
 I - 2 scrolls of noise {unknown}
Potions
 c - a potion of ambrosia
 e - 4 potions of berserk rage {unknown}
 h - 2 potions of curing
 m - a potion of degeneration {unknown}
 o - 2 potions of might {unknown}
 t - 3 potions of brilliance {unknown}
 w - a potion of haste {unknown}
 C - a potion of lignification {unknown}
 D - a potion of mutation {unknown}
 E - a potion of resistance {unknown}


   Skills:
 + Level 9.5 Fighting
 * Level 12.8 Axes
 + Level 8.6 Armour
 + Level 8.7 Dodging
 - Level 1.5 Stealth
 * Level 3.2 Invocations


You had 9 spell levels left.
You didn't know any spells.
Your spell library contained the following spells:

 Spells                   Type           Power      Damage    Failure   Level
 Sting                    Tmut/Pois      0%         1d3       100%        1
 Poisonous Vapours        Pois/Air       0%         N/A       100%        2
 Leda's Liquefaction      Hex/Erth       0%         N/A       100%        4
 Olgreb's Toxic Radiance  Pois           0%         N/A       100%        4
 Lee's Rapid Deconstruct  Erth           0%         3d4*      100%        5
 Statue Form              Tmut/Erth      0%         N/A       100%        6


Dungeon Overview and Level Annotations

Branches:
Dungeon (9/15)             Temple (1/1) D:5         Ossuary (visited)
 Bailey (1/1)
   Lair: D:8-11         Orc: D:9-12

Altars:
Ashenzari
Cheibriados
Dithmenos
Elyvilon
Fedhas
Gozag
Hepliaklqana
Kikubaaqudgha
Makhleb
Nemelex Xobeh
Okawaru
Qazlal
Ru
Sif Muna
Trog
Uskayaw
Vehumet
Wu Jian
Zin
The Shining One

Shops:
D:3 =

Annotations:
D:7 1 runed translucent door, HoaS's ghost, novice GrHu


Innate Abilities, Weirdness & Mutations

You have a pair of horns on your head.
You reflexively headbutt those who attack you in melee.


Message History

* * * LOW HITPOINT WARNING * * *
There is an open gate here.
You close the gate.
Your attacks no longer feel as feeble.
A gnoll sergeant opens the gate.
It was a potion of flight.
You feel very buoyant.
You fly up into the air.
The gnoll sergeant closely misses you.
The gnoll bouda barks out a call to the hunt!
You feel better. The gnoll sergeant misses you.
The gnoll bouda gazes fiercely through you!
You feel your attacks grow feeble. The gnoll sergeant closely misses you.
The gnoll bouda gazes fiercely through you!
You feel as though you will be weak longer.
The gnoll sergeant closely misses you.
The gnoll sergeant hits you but does no damage.
Things that are here:
a +0 trident; a +0 scale mail The gnoll sergeant hits you from afar with a +0 glaive!
* * * LOW HITPOINT WARNING * * *
The gnoll bouda calls upon its god to heal the gnoll sergeant.
The gnoll sergeant is healed somewhat.
The gnoll sergeant completely misses you.
You feel better.
The gnoll sergeant hits you from afar with a +0 glaive!
* * * LOW HITPOINT WARNING * * *
The gnoll sergeant is no longer moving quickly.
The gnoll bouda hits you from afar with a +0 spear.
* * * LOW HITPOINT WARNING * * *
The gnoll sergeant misses you.
The gnoll sergeant is no longer moving quickly.
The gnoll bouda calls upon its god to heal the gnoll sergeant.
The gnoll sergeant's wounds heal themselves!
The gnoll bouda gazes fiercely through you!
You feel as though you will be weak longer.
The gnoll bouda barks out a call to the hunt!
The gnolls pick up the pace!
The gnoll sergeant hits you from afar with a +0 glaive.
You die...

♣♣♣♣♣♣♣♣♣♣♣ ♣♣♣
♣♣@≈≈≈≈≈≈≈≈≈ ≈≈
♣♣≈≈...#### #######
♣g≈..### #...8.# ♣♣.≈gg#
..#...... ♣♣..≈.g#
..'..)))) ♣...≈..#
#####).†) ♣)÷.≈).#
##...##)gg
♣♣)))≈..######.....###g
#♣♣♣.....).'.).#)).....#..


You could see 2 gnoll sergeants and 2 gnoll boudas.

Vanquished Creatures
  A komodo dragon (D:7)
  A hornet (D:8)
  A wraith (Ossuary)
  Sigmund (D:2)
  A slime creature (D:5)
  A wyvern (D:9)
  9 yaks
  Eustachio (D:5)
  2 water moccasins
  2 ice beasts (D:5)
  2 sky beasts (D:6)
  2 black bears
  6 wolves (Bailey)
  A centaur (D:6)
  7 phantoms
  3 kobold brigands (D:5)
  5 gnoll sergeants (Bailey)
  2 necrophages
  4 scorpions
  2 water moccasin zombies (D:4)
  3 killer bees (D:8)
  2 howler monkeys
  A bullfrog zombie (D:4)
  3 hounds
  4 gnoll boudas (Bailey)
  4 jellies
  3 orc priests
  10 iguanas
  Natasha (thrice) (D:2)
  5 orc wizards
  3 scorpion zombies (D:4)
  A mummy (Ossuary)
  2 hound skeletons (D:4)
  Robin (D:3)
  26 gnolls
  A howler monkey skeleton (D:4)
  9 adders
  A shadow imp (D:8)
  2 ufetubi
  6 adder zombies (D:4)
  An adder skeleton (D:4)
  25 orcs
  7 ball pythons
  4 bats
  12 endoplasms
  3 giant cockroaches
  8 goblins
  4 hobgoblins
  4 jackals (D:1)
  4 quokkas
  6 frilled lizards
  6 gnoll skeletons (Ossuary)
  19 kobolds
  12 kobold skeletons (Ossuary)
  7 orc skeletons (Ossuary)
  7 rats
273 creatures vanquished.

Vanquished Creatures (others)
  8 demonic plants (D:8)
  2 fungi (D:5)
  13 plants
  8 toadstools (D:5)
31 creatures vanquished.

Grand Total: 304 creatures vanquished

Notes
Turn   | Place    | Note
-------+----------+-------------------------------------------
     0 | D:1      | Anon1729 the Minotaur Monk began the quest for the Orb.
     0 | D:1      | Reached XP level 1. HP: 19/19 MP: 0/0
   142 | D:1      | Reached XP level 2. HP: 27/27 MP: 1/1
   164 | D:1      | Found a faded altar of an unknown god.
   222 | D:1      | Reached skill level 4 in Axes
   291 | D:1      | Reached skill level 1 in Armour
   620 | D:2      | Noticed Natasha
   630 | D:2      | Killed Natasha
   631 | D:2      | Reached XP level 3. HP: 10/33 MP: 2/2
   826 | D:2      | Noticed Natasha
   836 | D:2      | Killed Natasha
   837 | D:2      | Reached XP level 4. HP: 22/40 MP: 3/3
   906 | D:2      | Noticed Natasha
   917 | D:2      | Killed Natasha
   918 | D:2      | Reached skill level 5 in Axes
  1420 | D:2      | Found an iron altar of Okawaru.
  1422 | D:2      | Noticed Sigmund
  1459 | D:2      | Killed Sigmund
  1460 | D:2      | Reached XP level 5. HP: 27/47 MP: 4/4
  1460 | D:2      | Reached XP level 6. HP: 32/55 MP: 5/5
  1798 | D:3      | Noticed Robin
  1801 | D:3      | Reached skill level 6 in Axes
  1807 | D:3      | Killed Robin
  1865 | D:3      | Found Lyxzepat's Jewellery Shop.
  1982 | D:3      | Found a radiant altar of Vehumet.
  2181 | D:3      | Found a glowing silver altar of Zin.
  2183 | D:3      | Reached skill level 5 in Fighting
  2187 | D:3      | Found an opulent altar of Gozag.
  2853 | D:4      | Reached XP level 7. HP: 31/61 MP: 6/6
  2985 | D:4      | Reached skill level 5 in Dodging
  3066 | D:4      | Reached skill level 7 in Axes
  3555 | D:4      | Reached XP level 8. HP: 67/70 MP: 7/7
  3560 | D:4      | Reached skill level 8 in Axes
  3623 | D:4      | Reached skill level 5 in Armour
  3745 | D:5      | Entered Level 5 of the Dungeon
  3978 | D:5      | Found a white marble altar of Elyvilon.
  4063 | D:5      | Reached skill level 9 in Axes
  4201 | D:5      | Found a staircase to the Ecumenical Temple.
  4218 | Temple   | Entered the Ecumenical Temple
  4735 | D:5      | Reached XP level 9. HP: 61/79 MP: 8/8
  4890 | D:5      | Reached skill level 10 in Axes
  5164 | D:5      | Noticed Eustachio
  5195 | D:5      | Killed Eustachio
  5327 | D:6      | Identified the +5 quarterstaff of Amorality {pain, rPois
                  | rC+ Str-4 Int+4}
  5893 | D:6      | Found a sparkling altar of Nemelex Xobeh.
  5893 | D:6      | Found a shimmering blue altar of Sif Muna.
  5894 | D:6      | Found a snail-covered altar of Cheibriados.
  5897 | D:6      | Found a stormy altar of Qazlal.
  6167 | D:7      | Identified the +0 great sword of Symp {holy, Int+3}
  6231 | D:7      | Noticed a komodo dragon
  6240 | D:7      | Reached skill level 11 in Axes
  6251 | D:7      | Killed a komodo dragon
  6405 | D:7      | Found a sand-covered staircase.
  6412 | Ossuary  | Entered an ossuary
  6929 | D:7      | Found a runed translucent door.
  6930 | D:7      | Noticed HoaS's ghost (novice GrHu)
  7212 | D:8      | Reached XP level 10. HP: 80/90 MP: 9/9
  7399 | D:8      | Found a bloodstained altar of Trog.
  7571 | D:8      | Reached skill level 12 in Axes
  7890 | D:8      | Found an iron altar of Okawaru.
  7985 | D:6      | Became a worshipper of Qazlal Stormbringer
  7985 | D:6      | Reached * piety under Qazlal
  7985 | D:6      | Reached ** piety under Qazlal
  8140 | D:9      | Reached skill level 1 in Invocations
  8397 | D:9      | Found a flagged portal.
  8407 | Bailey   | Entered a bailey
  9279 | Bailey   | Identified the +1 sling "Nuthrafas" {heavy, SInv}
  9330 | Bailey   | HP: 2/91 [gnoll bouda/+0 spear (5)]
  9333 | Bailey   | Slain by a gnoll sergeant

Illustrated notes

Levels and vault maps discovered:
D:1:      lemuel_arrival_lava_pool, layout_rooms,
          nicolae_ecumenical_snake_handling
D:2:      minmay_diamond_boxcup, layout_basic, basic_altar,
          nicolae_eternal_life, uniq_natasha, uniq_sigmund
D:3:      layout_loops_ring, grunt_temple_overflow_gold_and_silver,
          lemuel_doored_altar, serial_shops, nicolae_diamond_shop,
          lexackson_kobold_supper, uniq_robin
D:4:      layout_loops_corners, serial_undead, serial_undead_d, serial_undead_d,
          serial_undead_a, serial_undead_d, serial_undead_d, serial_undead_a
D:5:      cheibrodos_fertilizer, layout_loops_ring,
          nicolae_overflow_hidden_temple, minmay_temple_entry_junction,
          solitary_fountain, uniq_eustachio
D:6:      layout_rooms, minitemple, grunt_ministairs_14
D:7:      layout_basic, enter_ossuary_1, ebering_ghost_inner_flame,
          minmay_lizard_king
D:8:      layout_loops_cross, kennysheep_mini, lemuel_tele_altar,
          serial_demonic, serial_demonic_g, serial_demonic_b, serial_demonic_e,
          serial_demonic_e
D:9:      layout_basic, tgw_xom, erik_lair_dragon, enter_bailey_2
Temple:   hellmonk_temple_beads
Bailey:   bailey_polearm_gnolls_kennysheep, bailey

Skill      XL: |  1  2  3  4  5  6  7  8  9 10 |
---------------+-------------------------------+-----
Axes           | 4 5 6 7 9 11 12 | 12.8
Armour         | 1 2 3 4 6 7 8 |  8.6
Fighting       | 4 5 6 7 8 9 |  9.5
Dodging        | 4 5 6 7 8 |  8.7
Invocations    | 3 |  3.2
Stealth        | |  1.5

Action                     |  1- 3 |  4- 6 |  7- 9 | 10-12 || total
---------------------------+-------+-------+-------+-------++-------
  Melee: Hand axe          |    63 |   183 |   482 |     1 ||   729
         Headbutt          |    12 |    28 |   109 |    26 ||   175
         Punch             |       |     1 |    10 |     3 ||    14
         War axe           |       |       |       |   147 ||   147
 Invoke: Upheaval          |       |       |       |     5 ||     5
  Evoke: Wand              |       |       |     2 |       ||     2
    Use: Potion            |       |     1 |       |     6 ||     7
 Armour: Scale mail        |     5 |       |       |       ||     5
         Plate armour      |    43 |   150 |   255 |   176 ||   624
  Dodge: Dodged            |    19 |    56 |   138 |   147 ||   360
         Repelled          |       |       |       |     1 ||     1
  Block: Other             |       |       |       |    32 ||    32

Table legend: (Time is in decaauts)
 A = Elapsed time spent in this place.
 B = Non-inter-level travel time spent in this place.
 C = Inter-level travel time spent in this place.
 D = Time resting spent in this place.
 E = Time spent auto-exploring this place.
 F = Levels seen in this place.
 G = Mean time per level.
                   A        B        C        D        E       F      G
               +--------+--------+--------+--------+--------+-----+--------+
         Total |   9246 |   8826 |    420 |    336 |   6862 |  12 |  770.5 |
       Dungeon |   7852 |   7445 |    407 |    325 |   5864 |   9 |  872.4 |
        Temple |    192 |    179 |     13 |      0 |    169 |   1 |  192.0 |
       Ossuary |    287 |    287 |      0 |      0 |    192 |   1 |  287.0 |
        Bailey |    914 |    914 |      0 |     11 |    637 |   1 |  914.0 |
               +--------+--------+--------+--------+--------+-----+--------+

Top non-repeatable levels by time:
     D:5: 1298 daAuts
     D:4: 1167 daAuts
     D:2: 1048 daAuts
     D:7: 1000 daAuts
     D:3: 997 daAuts
  Bailey: 914 daAuts
     D:8: 797 daAuts
     D:6: 740 daAuts
     D:1: 527 daAuts
 Ossuary: 287 daAuts
     D:9: 275 daAuts
  Temple: 192 daAuts
